Map: 16-Bit LE

Players

Bly

  • Race: Zerg Zerg
  • Spawn Location: 1:00

Serral - Winner!

  • Race: Zerg Zerg
  • Spawn Location: 7:00

Event: WCS Valencia 2018

VOD

https://www.youtube.com/watch?v=tIY4oCTlGyo

Description

Time

  • Played on: July 12, 2018, 12:45 p.m.
  • Length: 10:29

All games in this series

Show
View Real Time Build Order
Export as new Build Order

Bly Zerg 

Build Orders: 1 Base Baneling Bust, Pool First 

Get SALT Encoding   

  12  0:01  Drone  
  13  0:15  Extractor  
  12  0:25  Spawning Pool  
  11  0:30  Drone  
  11  0:34  Drone  
  13  0:40  Drone  
  14  0:51  Overlord  
  14  1:12  Zergling x4  
  14  1:13  Zergling x2  
  14  1:17  Metabolic Boost  
  17  1:24  Zergling x2  
  18  1:36  Baneling Nest, Zergling x2  
  18  1:45  Zergling x2  
  19  1:53  Queen  
  21  2:03  Overlord  
  18  2:26  Zergling x4  
  20  2:42  Zergling x4  
  23  2:49  Baneling  
  23  2:50  Drone  
  22  3:02  Drone x4  
  26  3:23  Drone  
  27  3:36  Hatchery, Drone x3  
  29  3:49  Overlord  
  29  3:58  Extractor  
  28  4:03  Baneling x2  
  28  4:09  Drone x3  
  31  4:11  Queen  
  33  4:26  Drone x2  
  33  4:27  Drone  
  36  4:32  Drone  
  37  4:40  Drone  
  38  4:50  Hatchery  
  38  4:52  Lair  
  37  4:56  Drone  
  37  4:59  Drone  
  39  5:00  Drone  
  39  5:04  Drone  
  41  5:10  Drone x3  
  44  5:17  Overlord  
  43  5:31  Drone  
  43  5:34  Overlord x2  
  44  5:42  Drone  
  44  5:43  Drone x4  
  47  5:59  Spire, Drone x5  
  51  6:04  Extractor  
  51  6:07  Extractor  
  51  6:08  Spine Crawler, Unknown  
  48  6:12  Overlord  
  48  6:18  Baneling  
  48  6:19  Drone x2  
  48  6:20  Drone x2  
  48  6:23  Baneling x2  
  51  6:26  Zergling x6  
  51  6:32  Baneling  
  54  6:44  Drone x4  
  54  6:45  Drone x3  
  54  6:46  Drone x5  
  65  6:49  Extractor  
  65  6:50  Extractor  
  63  6:56  Overlord  
  63  6:58  Queen  
  65  7:03  Overlord  
  65  7:04  Overlord  
  65  7:08  Spore Crawler  
  64  7:17  Mutalisk x4  
  64  7:21  Mutalisk  
  67  7:29  Mutalisk x2  
  69  7:34  Mutalisk  
  71  7:37  Zerg Flyer Armor Level 1  
  71  7:41  Mutalisk  
  73  7:48  Mutalisk  
  73  7:49  Mutalisk  
  75  7:56  Mutalisk  
  75  7:57  Mutalisk  
  79  8:02  Mutalisk  
  79  8:05  Overlord  
  75  8:30  Mutalisk x3  
  75  8:32  Overlord x2  
  81  8:38  Overlord  
  81  8:47  Overlord  
  81  8:48  Infestation Pit  
  80  8:50  Mutalisk x3  
  80  8:53  Mutalisk  
  86  8:58  Mutalisk  
  85  9:03  Mutalisk  
  85  9:09  Spore Crawler  
  86  9:14  Drone x2  
  86  9:15  Drone  
  89  9:30  Infestor x3  
  95  9:39  Spore Crawler  
  95  9:43  Infestor  
  94  9:46  Drone x3  
  94  9:48  Drone  
  98  10:04  Drone x6  
Show
View Real Time Build Order
Export as new Build Order

Serral Zerg - Winner!

Build Orders: 1 Base Baneling Bust, Pool First 

Get SALT Encoding   

  12  0:00  Drone  
  13  0:11  Extractor  
  12  0:25  Spawning Pool  
  11  0:29  Drone  
  11  0:34  Drone  
  13  0:41  Drone  
  14  0:53  Overlord  
  14  1:12  Queen  
  14  1:13  Zergling x2  
  17  1:21  Metabolic Boost  
  17  1:26  Zergling x2  
  17  1:31  Zergling x2  
  19  1:35  Zergling x2  
  20  1:44  Baneling Nest  
  19  1:49  Zergling x2  
  21  1:54  Zergling x2  
  21  2:08  Drone  
  22  2:12  Overlord  
  22  2:22  Drone x3  
  22  2:28  Baneling  
  22  2:31  Drone  
  23  2:37  Zergling x2  
  24  2:50  Baneling  
  24  2:57  Hatchery  
  23  3:03  Drone  
  24  3:08  Baneling  
  24  3:10  Overlord  
  24  3:12  Zergling x2  
  25  3:16  Drone  
  26  3:26  Queen  
  28  3:31  Drone  
  28  3:33  Drone  
  30  3:34  Drone  
  30  3:38  Drone  
  32  3:41  Drone  
  32  3:45  Drone  
  34  3:53  Drone  
  35  4:01  Overlord  
  35  4:06  Lair  
  35  4:07  Drone  
  35  4:11  Drone  
  35  4:14  Drone  
  35  4:16  Drone  
  38  4:18  Zergling x2  
  38  4:22  Drone  
  40  4:26  Drone  
  40  4:32  Drone  
  40  4:33  Extractor  
  40  4:35  Extractor  
  38  4:40  Zergling x2  
  38  4:41  Drone x3  
  38  4:44  Drone x3  
  45  4:49  Overlord  
  45  4:52  Baneling, Drone  
  46  4:58  Drone  
  47  5:04  Spire  
  47  5:06  Drone x2  
  48  5:09  Overseer  
  48  5:11  Extractor  
  47  5:15  Baneling, Overlord  
  47  5:16  Zergling x2  
  47  5:20  Drone x2  
  50  5:25  Drone  
  50  5:26  Drone  
  51  5:30  Overlord  
  51  5:33  Overlord  
  51  5:34  Zergling x2  
  52  5:41  Zergling x6  
  53  5:52  Hatchery  
  53  5:55  Drone x2  
  53  5:56  Baneling  
  54  6:11  Overlord  
  54  6:18  Mutalisk x5  
  54  6:20  Mutalisk  
  66  6:25  Baneling  
  66  6:29  Mutalisk  
  68  6:33  Drone x5  
  73  6:41  Zerg Flyer Armor Level 1  
  73  6:42  Extractor  
  73  6:43  Overlord  
  73  6:44  Extractor  
  73  6:45  Drone  
  71  6:51  Drone x3  
  74  7:00  Overlord  
  74  7:02  Mutalisk x2  
  78  7:09  Mutalisk  
  80  7:16  Mutalisk  
  80  7:17  Drone x5  
  80  7:19  Drone  
  80  7:21  Drone  
  80  7:22  Drone  
  89  7:28  Queen  
  91  7:33  Overlord  
  91  7:36  Drone x2  
  93  7:38  Mutalisk  
  95  7:46  Mutalisk x2  
  95  7:49  Drone x2  
  101  7:52  Overlord  
  101  7:58  Mutalisk x3  
  107  8:08  Hatchery  
  106  8:13  Mutalisk x3  
  106  8:18  Overlord  
  106  8:19  Mutalisk  
  110  8:29  Mutalisk x2  
  110  8:30  Zergling x10  
  110  8:33  Mutalisk  
  120  8:34  Drone x2  
  120  8:36  Drone x2  
  120  8:40  Overlord  
  124  8:42  Mutalisk  
  124  8:45  Drone x2  
  128  8:51  Overlord  
  128  8:52  Overlord  
  128  8:53  Drone x2  
  130  8:58  Extractor  
  130  8:59  Mutalisk x2, Extractor  
  130  9:01  Spore Crawler  
  131  9:08  Overlord  
  131  9:11  Drone  
  131  9:13  Mutalisk  
  131  9:15  Zergling x6  
  137  9:19  Zergling x6  
  140  9:25  Mutalisk x2  
  140  9:30  Mutalisk, Overlord  
  146  9:32  Zergling x4, Drone  
  146  9:35  Overlord  
  149  9:42  Mutalisk x3  
  155  9:52  Mutalisk x2  
  154  9:57  Zergling x16  
  166  10:00  Overlord  
  166  10:02  Overlord  
Tags
 
Add a new tag
Caveats
  • Supply blocks, unpowered buildings, or Contaminate may cause inaccurate times.
  • Supply counts are checked every 10 seconds.